 Dungeon Crawl Stone Soup version 0.28-a0-906-g0406aca7d3 (webtiles) character file.

Game seed: 8040843687121190156

7 croobank the Ducker (level 1, 0/10 HPs)
             Began as a Felid Abyssal Knight on Nov 24, 2021.
             Was a Follower of Lugonu.
             Slain by a kobold (3 damage)
             ... on level 1 of the Dungeon.
             The game lasted 00:02:31 (756 turns).

croobank the Ducker (Felid Abyssal Knight)           Turns: 756, Time: 00:02:32

Health: 0/10       AC:  1    Str:  9    XL:     1   Next: 91%
Magic:  3/3        EV: 18    Int: 11    God:    Lugonu [*.....]
Gold:   31         SH:  0    Dex: 16    Spells: 0/0 levels left
                                        Lives:  0   Deaths: 0

rFire   . . .      SeeInvis +     - Unarmed
rCold   . . .      Faith    .   (shield unavailable)
rNeg    . . .      Spirit   .   (armour unavailable)
rPois   .          Reflect  .   (helmet unavailable)
rElec   .          Harm     .   (cloak unavailable)
rCorr   .          Rampage  .   (gloves unavailable)
Will    .....                   (boots unavailable)
Stlth   +.........              (no amulet)
HPRegen 0.03/turn               (no ring)
MPRegen 0.08/turn               (no ring)

@: quick
A: very small, claws 1, fangs 3, see invisible, speed 1, shaggy fur 1, stealthy
paws, no weapons or thrown items, no armour, multi-lived
a: Renounce Religion, Depart the Abyss


You were on level 1 of the Dungeon.
You worshipped Lugonu.
Lugonu was aware of your devotion.
You visited 1 branch of the dungeon, and saw 1 of its levels.
You visited the Abyss 1 time.

You collected 31 gold pieces.

Inventory:

Potions
 b - a potion of curing {unknown}
 d - a potion of heal wounds {unknown}


   Skills:
 + Level 3.3 Fighting
 + Level 3.5 Dodging
 + Level 2.0 Unarmed Combat
 + Level 1.8 Invocations


You couldn't memorise any spells.
You didn't know any spells.
Your spell library was empty.

Dungeon Overview and Level Annotations

Branches:
Dungeon (1/15)

Altars:


Innate Abilities, Weirdness & Mutations

You have sharp claws.
You have razor-sharp teeth.
You have supernaturally acute eyesight. (SInv)
You cover ground quickly. (Speed+)
You are covered in fur. (AC +1)
Your paws help you pounce on unaware monsters.
You are incapable of wielding weapons or throwing items.
You cannot wear armour.
You gain extra lives every three experience levels.


Message History

The rat twitches its whiskers.
You barely miss the rat. The rat barely misses you.
You barely miss the rat. The rat misses you.
You barely miss the rat. You bite the rat.
The rat is severely wounded.
The rat bites you.
You barely miss the rat. You bite the rat.
You kill the rat!
Lugonu accepts your kill.
You see here a rat corpse.
Unknown command.
The endoplasm quivers.
You scratch the endoplasm.
The endoplasm is lightly wounded.
You scratch the endoplasm.
You kill the endoplasm!
Lugonu accepts your kill.
Found a long runed staff.
You see here a staff of fire.
Found a stone staircase leading down.
There is a stone staircase leading down here.
You see here a rat corpse.
A frilled lizard comes into view.
The frilled lizard hisses angrily.
You scratch the frilled lizard.
You kill the frilled lizard!
Lugonu accepts your kill.
A kobold and a dart slug come into view.
The kobold shouts!
The dart slug launches a dart at you. The slug dart hits you.
Ouch! That really hurt!
A kobold is nearby!
You closely miss the kobold. Your bite misses the kobold.
The kobold hits you with a +3 dagger.
* * * LOW HITPOINT WARNING * * *
You scratch the kobold. Your bite misses the kobold.
The kobold is severely wounded.
The kobold hits you with a +3 dagger.
You die...

#.# ####.# ## ###
#.# . #....# # ..
#....# ######
...####....#
#.....
...........#
#.####
w..........# #.# #
..........# #.# #
#K..# #.# #
#####.# #@..#
##.#### .S....#
#...########.†....
###.###
#.............####
##..########.#####
#..########......
#...........#####
#.#########.# #.#
#.# #.# #.#


You could see a kobold.

Vanquished Creatures
  A dart slug (D:1)
  A bat (D:1)
  An endoplasm (D:1)
  A frilled lizard (D:1)
  A kobold (D:1)
  A rat (D:1)
6 creatures vanquished.

Notes
Turn   | Place    | Note
-------+----------+-------------------------------------------
     0 | Abyss:1  | croobank the Felid Abyssal Knight began the quest for the
                  | Orb.
     0 | Abyss:1  | Reached XP level 1. HP: 10/10 MP: 3/3
    20 | Abyss:1  | Found a shadowy altar of Dithmenos.
    87 | D:1      | Escaped the Abyss
   756 | D:1      | Slain by a kobold

Illustrated notes

Levels and vault maps discovered:
D:1:      minmay_arrival_stone_box, layout_loops_ring, minivault_24,
          minmay_misc_feat_room

Action                   || total
-------------------------++-------
Melee: Unarmed           ||    20
       Bite              ||     2
  Use: Scroll            ||     3
Armor: Skin              ||     2
Dodge: Dodged            ||    14

Table legend: (Time is in decaauts)
 A = Elapsed time spent in this place.
 B = Non-inter-level travel time spent in this place.
 C = Inter-level travel time spent in this place.
 D = Time resting spent in this place.
 E = Time spent auto-exploring this place.
 F = Levels seen in this place.
 G = Mean time per level.
                   A        B        C        D        E       F      G
               +--------+--------+--------+--------+--------+-----+--------+
         Total |    665 |    665 |      0 |    108 |    470 |   2 |  332.5 |
       Dungeon |    595 |    595 |      0 |    108 |    406 |   1 |  595.0 |
         Abyss |     70 |     70 |      0 |      0 |     63 |   1 |   70.0 |
               +--------+--------+--------+--------+--------+-----+--------+

Top non-repeatable levels by time:
     D:1: 595 daAuts
 Abyss:1: 70 daAuts
